 Dungeon Crawl Stone Soup version 0.27.1-4-g1640c2035a (webtiles) character file.

Game seed: 1900466446749895786

2106 H0rd4k the Skirmisher (level 9, -5/69 HPs)
             Began as a Human Artificer on Nov 3, 2021.
             Was an Initiate of Gozag.
             Slain by a wyvern zombie (8 damage)
             ... on level 8 of the Dungeon.
             The game lasted 00:10:57 (8715 turns).

H0rd4k the Skirmisher (Human Artificer)             Turns: 8715, Time: 00:10:58

Health: -5/69      AC:  3    Str: 14    XL:     9   Next: 53%
Magic:  11/11      EV: 13    Int: 14    God:    Gozag
Gold:   384        SH:  0    Dex: 13    Spells: 11/11 levels left

rFire    + . .     SeeInvis .   A - +3 falchion (holy)
rCold    + . .     Faith    .   (no shield)
rNeg     + . .     Spirit   .   b - +0 leather armour
rPois    +         Reflect  .   (no helmet)
rElec    +         Harm     .   (no cloak)
rCorr    +         Rampage  .   (no gloves)
Will     .....                  (no boots)
Stlth    +.........             C - amulet of regeneration
HPRegen  1.21/turn              a - ring of wizardry
MPRegen  0.12/turn              B - ring of positive energy

@: brilliant, resistant
A: no striking features
a: Renounce Religion, Potion Petition, Call Merchant, Bribe Branch


You were on level 8 of the Dungeon.
You worshipped Gozag.
Gozag was aware of your devotion.
You visited 2 branches of the dungeon, and saw 9 of its levels.

You collected 488 gold pieces.
You paid 104 gold pieces to Gozag.

Inventory:

Hand Weapons
 g - a +2 trident of venom
 l - a +0 rapier
 A - a +3 falchion of holy wrath (weapon)
Missiles
 D - 2 poisoned darts
Armour
 b - a +0 leather armour (worn)
Magical Staves
 u - a staff of death
 K - a staff of fire
Jewellery
 a - a ring of wizardry (left hand)
 z - an amulet of faith
 B - a ring of positive energy (right hand)
 C - an amulet of regeneration (around neck)
 G - a ring of protection from fire
 H - a +6 ring of intelligence
Scrolls
 c - a scroll of amnesia {unknown}
 f - 2 scrolls of noise {unknown}
 h - a scroll of vulnerability {unknown}
 i - 3 scrolls of enchant weapon {unknown}
 m - 3 scrolls of teleportation {unknown}
 n - a scroll of brand weapon {unknown}
 o - 2 scrolls of holy word {unknown}
 r - a scroll of summoning {unknown}
 t - 4 scrolls of identify {unknown}
 y - a scroll of enchant armour {unknown}
 L - a scroll of immolation {unknown}
 M - a scroll of torment {unknown}
 N - a scroll of fear {unknown}
Potions
 d - a potion of magic {unknown}
 j - 3 potions of brilliance
 k - 3 potions of attraction {unknown}
 p - a potion of might {unknown}
 q - a potion of degeneration {unknown}
 s - 2 potions of curing {unknown}
 v - a potion of invisibility {unknown}
 w - 2 potions of resistance
 x - 2 potions of berserk rage {unknown}
 E - 2 potions of heal wounds {unknown}
 F - 3 potions of haste {unknown}
 I - 2 potions of lignification {unknown}
 J - a potion of flight {unknown}
Miscellaneous
 e - a piece from Xom's chessboard (14/15)


   Skills:
 + Level 5.7 Fighting
 - Level 2.6(3.5) Short Blades
 - Level 3.5(4.0) Long Blades
 - Level 5.4 Polearms
 - Level 2.0 Armour
 + Level 5.2 Dodging
 - Level 1.0 Stealth
 * Level 1.8 Spellcasting
 + Level 5.4 Evocations


You had 11 spell levels left.
You didn't know any spells.
Your spell library contained the following spells:

 Spells                   Type           Power      Damage    Failure   Level
 Corona                   Hex            1%         N/A       12%         1
 Magic Dart               Conj           4%         1d3       12%         1
 Call Imp                 Summ           1%         N/A       17%         2
 Mephitic Cloud           Conj/Pois/Air  1%         N/A       32%         3
 Ozocubu's Armour         Ice            1%         N/A       32%         3
 Ozocubu's Refrigeration  Ice            0%         4d5       100%        7


Dungeon Overview and Level Annotations

Branches:
Dungeon (8/15)             Temple (1/1) D:5
   Lair: D:8-11

Altars:
Dithmenos
Elyvilon
Fedhas
Gozag
Kikubaaqudgha
Nemelex Xobeh
Okawaru
Ru
Sif Muna
Vehumet
Yredelemnul
Zin
The Shining One

Shops:
D:5 :

Annotations:
D:3 exclusion: downstairs
D:8 1 exclusion


Message History

The wyvern zombie is almost destroyed.
The wyvern zombie closely misses you.
The orc priest hits you but does no damage.
You hit the wyvern zombie but do no damage.
The wyvern zombie is almost destroyed.
The wyvern zombie closely misses you. The orc priest closely misses you.
You riposte.
You barely miss the orc priest. The wyvern zombie misses you.
You barely miss the wyvern zombie.
The wyvern zombie is almost destroyed.
The orc priest hits you but does no damage.
The wyvern zombie bites you!
* * * LOW HITPOINT WARNING * * *
You barely miss the wyvern zombie.
The wyvern zombie is almost destroyed.
The wyvern zombie bites you.
* * * LOW HITPOINT WARNING * * *
The orc priest hits you but does no damage.
The wyvern zombie bites you!
* * * LOW HITPOINT WARNING * * *
That's the wrong kind of item! (Use * to select it.) Evoke which item? (* to show all) (? for menu, Esc to quit)
Okay, then.
Unknown command.
Okay, then.
You hit the wyvern zombie but do no damage.
The wyvern zombie is almost destroyed.
The orc priest hits you with a +0 short sword.
* * * LOW HITPOINT WARNING * * *
The wyvern zombie closely misses you. The orc priest barely misses you.
It was a potion of brilliance.
You feel clever all of a sudden. The wyvern zombie bites you.
* * * LOW HITPOINT WARNING * * *
The orc priest hits you with a +0 short sword.
* * * LOW HITPOINT WARNING * * *
It was a potion of resistance.
You feel protected. The wyvern zombie bites you!
You die...
Your body crumbles into a pile of gold.

#....##.# #.......##
##### #........# #....
#######........####.###
.<..o.....###..#.......
$
#...o..................
..o.####....#..#...<...
#.#.####o##.#..########
#>...Z@o{..............
...#.####.#..#..########
###..#.........
....#.##.#####
##.....<$... #...... ###
#..#.... ?.###.## ...#..


You could see an orc priest, an orc and a wyvern zombie.

Vanquished Creatures
  A steam dragon (D:7)
  An orc warrior (D:6)
  Menkaure (D:4)
  4 necrophages
  A phantom (D:5)
  A kobold brigand (D:4)
  3 scorpions
  A centaur zombie (D:6)
  A bullfrog zombie (D:6)
  6 hounds
  A bullfrog skeleton (D:7)
  Jessica (D:2)
  An iguana (D:6)
  5 orc wizards
  Natasha (thrice) (D:3)
  A hound skeleton (D:5)
  10 gnolls
  4 adders
  A white imp (D:7)
  A worm (D:2)
  2 dart slugs
  30 orcs
  4 ball pythons
  4 endoplasms
  4 giant cockroaches
  A goblin (D:2)
  6 hobgoblins
  16 jackals
  11 kobolds
  5 quokkas
  5 bats
  A frilled lizard (D:3)
  5 rats
142 creatures vanquished.

Vanquished Creatures (collateral kills)
  An ogre (D:4)
  A scorpion (D:6)
  An iguana (D:6)
  An orc priest (D:6)
  A killer bee zombie (D:7)
  A gnoll (D:4)
  7 orcs (D:6)
  A hobgoblin (D:4)
14 creatures vanquished.

Vanquished Creatures (others)
  A sky beast (D:7)
  A human (D:3)
  A gnoll (D:4)
3 creatures vanquished.

Grand Total: 159 creatures vanquished

Notes
Turn   | Place    | Note
-------+----------+-------------------------------------------
     0 | D:1      | H0rd4k the Human Artificer began the quest for the Orb.
     0 | D:1      | Reached XP level 1. HP: 15/15 MP: 1/1
   166 | D:1      | Reached XP level 2. HP: 17/21 MP: 2/2
  1028 | D:1      | Reached XP level 3. HP: 26/26 MP: 3/3
  1859 | D:2      | Reached skill level 1 in Short Blades
  1943 | D:2      | HP: 1/26 [worm (3)]
  1946 | D:2      | Reached XP level 4. HP: 2/32 MP: 4/4
  2413 | D:2      | Noticed Jessica
  2415 | D:2      | Killed Jessica
  3153 | D:3      | Found a faded altar of an unknown god.
  3157 | D:3      | Got Plato's Collected Works on Curses
  3267 | D:3      | Reached XP level 5. HP: 34/37 MP: 5/5
  3305 | D:3      | Found a blossoming altar of Fedhas.
  3405 | D:3      | Found a glowing golden altar of the Shining One.
  3414 | D:3      | Noticed Natasha
  3427 | D:3      | Killed Natasha
  3428 | D:3      | Reached skill level 1 in Polearms
  3778 | D:3      | Found a shimmering blue altar of Sif Muna.
  3839 | D:3      | Noticed Natasha
  3841 | D:3      | Killed Natasha
  3894 | D:3      | Found an ancient bone altar of Kikubaaqudgha.
  3897 | D:3      | Noticed a human
  3899 | D:3      | Killed a human
  3917 | D:3      | Noticed Natasha
  3923 | D:3      | Killed Natasha
  3924 | D:3      | Reached XP level 6. HP: 34/44 MP: 6/6
  4595 | D:4      | Noticed Menkaure
  4605 | D:4      | HP: 1/44 [Menkaure (4)]
  4606 | D:4      | Killed Menkaure
  4922 | D:4      | Reached XP level 7. HP: 43/50 MP: 7/7
  5743 | D:4      | Reached skill level 5 in Polearms
  6151 | D:4      | Found a radiant altar of Vehumet.
  6279 | D:4      | Reached XP level 8. HP: 49/58 MP: 8/8
  6339 | D:5      | Entered Level 5 of the Dungeon
  6436 | D:5      | Found a staircase to the Ecumenical Temple.
  6495 | D:5      | Found a shadowy altar of Dithmenos.
  6682 | D:5      | Identified the +2 robe of the Nine Places {rC+++ Stlth-}
  6709 | D:5      | Found Usiyklygg's Book Boutique.
  7384 | D:6      | Reached skill level 1 in Long Blades
  7630 | D:6      | Killed an orc warrior
  7631 | D:6      | Reached skill level 5 in Evocations
  7631 | D:6      | Reached XP level 9. HP: 47/67 MP: 9/9
  7658 | D:6      | Reached skill level 5 in Fighting
  7660 | D:6      | Found a sparkling altar of Nemelex Xobeh.
  7973 | Temple   | Entered the Ecumenical Temple
  7985 | Temple   | Became a worshipper of Gozag Ym Sagoz the Greedy
  8260 | D:7      | Reached skill level 1 in Spellcasting
  8284 | D:7      | Reached skill level 5 in Dodging
  8423 | D:7      | Killed a steam dragon
  8714 | D:8      | HP: 2/69 [orc priest (4)]
  8715 | D:8      | Slain by a wyvern zombie

Illustrated notes

Levels and vault maps discovered:
D:1:      dpeg_arrival_rhombi, layout_loops_corners
D:2:      layout_rooms, kennysheep_generic_room_10, uniq_jessica
D:3:      layout_basic, fedhas_altar_4, tgw_kikubaaqudgha,
          mainiacjoe_overflow_catch_the_wave,
          shapermc_ecumenical_altar_rom_forum, st_stairs_7,
          minmay_misc_feat_iff, uniq_natasha
D:4:      minmay_recursive_quarters, layout_loops_ring,
          lemuel_coloured_pillars_altar, uniq_menkaure
D:5:      layout_basic, nicolae_dithmenos_through_a_glass_darkly,
          temple_doors_cd, serial_shops, nicolae_shop_stone
D:6:      layout_cave_pools, nemelex_xobeh_ov_fountains_minmay
D:7:      layout_rooms
D:8:      layout_basic, minmay_strange_pillars, hangedman_incinerator
Temple:   dshaligram_water_room_temple

Skill      XL: |  1  2  3  4  5  6  7  8  9 |
---------------+----------------------------+-----
Evocations     | 4 5 |  5.4
Short Blades   | 1 2 |  2.6
Polearms       | 2 3 5 |  5.4
Fighting       | 2 3 4 5 |  5.7
Dodging        | 2 4 5 |  5.2
Long Blades    | 2 3 |  3.5
Spellcasting   | 1 |  1.8
Armour         | |  2.0
Stealth        | |  1.0

Action                   |  1- 3 |  4- 6 |  7- 9 || total
-------------------------+-------+-------+-------++-------
Melee: Club              |    64 |       |       ||    64
       Short sword       |    35 |       |       ||    35
       Rapier            |    23 |    25 |       ||    48
       Trident           |       |    80 |   183 ||   263
       Falchion          |       |       |   135 ||   135
Evoke: Wand              |     7 |    18 |    23 ||    48
       Piece from Xom's  |       |       |     1 ||     1
  Use: Potion            |       |       |     2 ||     2
 Stab: Sleeping          |     2 |     5 |     1 ||     8
Armor: Leather armour    |    50 |    22 |    49 ||   121
Dodge: Dodged            |    77 |    56 |   197 ||   330
       Rpst.: Falchion   |       |       |    18 ||    18
